 Dungeon Crawl Stone Soup version 0.16.1-5-gaa23807 (webtiles) character file.

163 wojtek the Cutter (level 5, -3/30 HPs)
             Began as a Kobold Assassin on Mar 28, 2015.
             Slain by a scorpion (6 damage)
             ... on level 4 of the Dungeon.
             The game lasted 00:03:50 (2857 turns).

wojtek the Cutter (Kobold Assassin)                 Turns: 2857, Time: 00:03:50

Health: -3/30      AC:  3    Str: 10    XL:     5   Next: 72%
Magic:  5/5        EV: 14    Int:  5    God:
Gold:   109        SH:  0    Dex: 17    Spells: 0 memorised, 4 levels left

rFire  + . .     SeeInvis +     a - +2 dagger
rCold  + . .     Clarity  .     c - +0 robe
rNeg   . . .     SustAb   .     (no shield)
rPois  +         Gourm    .     (no helmet)
rElec  +         Spirit   .     d - +0 cloak
rCorr  +         Warding  .     (no gloves)
rMut   .         Stasis   .     (no boots)
MR     .....                    t - amulet of resist corrosion
Stlth  +++.......               r - -5 ring of intelligence (curse)
                                w - ring of see invisible

@: lethally poisoned (-3 -> -13), resistant, not resistant to hostile
enchantments, fairly stealthy
A: carnivore 3
a: no special abilities


You were on level 4 of the Dungeon.
You were very full.

You visited 1 branch of the dungeon, and saw 4 of its levels.

You collected 109 gold pieces.

Inventory:

Hand weapons
 a - a +2 dagger (weapon)
 b - a +0 blowgun
Missiles
 e - 20 poisoned needles
 f - 2 curare-tipped needles
 m - 6 needles of frenzy
 C - a throwing net (quivered)
Armour
 c - a +0 robe (worn)
 d - a +0 cloak (worn)
Jewellery
 r - a cursed -5 ring of intelligence (right hand)
 t - an amulet of resist corrosion (around neck)
 w - a ring of see invisible (left hand)
Scrolls
 h - a scroll of random uselessness
 k - a scroll of enchant armour
 l - 3 scrolls of amnesia
 n - a scroll of recharging
 p - 2 scrolls of identify
 z - a scroll of remove curse {unknown}
 D - a scroll of magic mapping {unknown}
Potions
 i - a potion of resistance
 j - a potion of brilliance {unknown}
 o - a potion of restore abilities {unknown}
 q - a potion of haste {unknown}
 u - 2 potions of flight {unknown}
 v - a potion of curing {unknown}
 x - a potion of ambrosia
 A - a potion of invisibility {unknown}
 E - a potion of agility {unknown}
 F - a potion of lignification {unknown}
Books
 y - a book of Conjurations

   Spells                             Type                      Level
   a - Magic Dart                     Conjuration                  1
   b - Searing Ray                    Conjuration                  2
   c - Dazzling Spray                 Conjuration/Hexes            3
   d - Fulminant Prism                Conjuration/Hexes            4
   e - Iskenderun's Mystic Blast      Conjuration                  4
   f - Iskenderun's Battlesphere      Conjuration/Charms           5
Comestibles
 g - a meat ration
 s - 2 beef jerkies
 B - a chunk of flesh


   Skills:
 - Level 2.1 Fighting
 + Level 7.2 Short Blades
 - Level 2.6 Throwing
 - Level 1.2 Dodging
 - Level 5.3 Stealth


You had 4 spell levels left.
You didn't know any spells.

Dungeon Overview and Level Annotations

Branches:
Dungeon (4/15)
 Temple: D:4-7

Altars:


Innate Abilities, Weirdness & Mutations

You are small and have problems with some larger weapons.
You are carnivorous and can eat meat at any time.


Message History

You are too injured to fight recklessly!
You are too injured to fight recklessly!
You are too injured to fight recklessly!
You are too injured to fight recklessly!
You are too injured to fight recklessly!
You are too injured to fight recklessly!
* * * LOW HITPOINT WARNING * * *
You feel sick. The jackal completely misses you.
* * * LOW HITPOINT WARNING * * *
You feel sick. The jackal bites you.
* * * LOW HITPOINT WARNING * * *
The jackal barely misses you.
A jackal comes into view.
Drink which item? (? for menu, Esc to quit)
It was a potion of resistance.
You feel protected.
* * * LOW HITPOINT WARNING * * *
You feel sick.
The jackal moves out of view.
The jackal barely misses you. The scorpion stings you.
You die...

#. #.. ... #.##.##.# #.#.#.#
##...#### ##+## ##..h....#
##...# #......#.# ##.....
#..#.#.#.# ##......
....#.####h.#.....###.......
..........s@........+.......
....#.####Z.......###.......
#......#.# ##......
########.#####.....
#........###...# #.###.##.#
##'## #.##.####.#
#.##|..##.## #...........


You could see a scorpion, a jackal and a hound skeleton.

Vanquished Creatures
  A worker ant (D:4)
  Ijyb (D:3)
  4 adders
  A giant mite (D:3)
  A worm (D:2)
  An adder skeleton (D:4)
  2 giant geckos
  2 orcs (D:3)
  A ball python (D:3)
  13 bats
  A giant cockroach (D:1)
  8 goblins
  5 hobgoblins
  4 jackals (D:1)
  9 kobolds
  2 quokkas
  4 giant newts
  15 rats
75 creatures vanquished.

Notes
Turn   | Place    | Note
--------------------------------------------------------------
     0 | D:1      | wojtek, the Kobold Assassin, began the quest for the Orb.
     0 | D:1      | Reached XP level 1. HP: 12/12 MP: 1/1
   116 | D:1      | Reached XP level 2. HP: 17/17 MP: 2/2
   379 | D:1      | Reached XP level 3. HP: 14/21 MP: 3/3
  1009 | D:2      | Reached skill level 5 in Short Blades
  1043 | D:2      | Reached XP level 4. HP: 26/26 MP: 4/4
  1546 | D:2      | Reached skill level 6 in Short Blades
  1730 | D:3      | Noticed Ijyb
  1733 | D:3      | Killed Ijyb
  1733 | D:3      | Reached XP level 5. HP: 30/30 MP: 5/5
  2741 | D:4      | Reached skill level 7 in Short Blades
  2857 | D:4      | Slain by a scorpion

Action                   |  1- 3 |  4- 6 || total
-------------------------+-------+-------++-------
Melee: Dagger            |   115 |   177 ||   292
  Use: Scroll            |       |     7 ||     7
       Potion            |       |     1 ||     1
 Stab: Sleeping          |     3 |     8 ||    11
       Distracted        |       |     1 ||     1
  Eat: Chunk             |     9 |     5 ||    14
